 Dungeon Crawl Stone Soup version 0.21.1-1-g345015f (webtiles) character file.

1037 lrcuk01 the Chopper (level 8, 0/69 HPs)
             Began as a Minotaur Berserker on Feb 5, 2018.
             Was an Elder of Trog.
             Slain by a bullfrog skeleton (6 damage)
             ... on level 7 of the Dungeon.
             The game lasted 01:14:13 (7256 turns).

lrcuk01 the Chopper (Minotaur Berserker)            Turns: 7256, Time: 01:14:14

Health: 0/69       AC:  7    Str: 24    XL:     8   Next: 4%
Magic:  7/7        EV: 11    Int:  8    God:    Trog [****..]
Gold:   34         SH:  4    Dex: 10    Spells: 7/7 levels left

rFire    + . .     SeeInvis .   S - +3 great sword
rCold    x . .     Gourm    .   (shield currently unavailable)
rNeg     . . .     Faith    .   n - +0 scale mail
rPois    .         Spirit   .   (helmet restricted)
rElec    .         Reflect  .   (no cloak)
rCorr    .         Harm     .   (no gloves)
MR       .....                  (no boots)
Stlth    ..........             (no amulet)
HPRegen  0.21/turn              q - ring of fire
MPRegen  0.10/turn              (no ring)

@: no status effects
A: retaliatory headbutt, horns 2, large bone plates 1, clever 2
a: Berserk, Trog's Hand, Brothers in Arms, Burn Spellbooks, Renounce Religion


You were on level 7 of the Dungeon.
You worshipped Trog.
Trog was greatly pleased with you.
You were hungry.

You visited 2 branches of the dungeon, and saw 8 of its levels.
You also visited: Sewer.

You collected 292 gold pieces.
You spent 258 gold pieces at shops.

Inventory:

Hand Weapons
 a - a +0 hand axe
 h - a +0 mace
 v - a +0 rapier
 A - a +0 war axe
 R - a cursed +5 flail
 S - a +3 great sword (weapon)
 U - a cursed -2 shortbow
Missiles
 d - 21 sling bullets
 f - 130 stones
 j - 2 tomahawks of returning (quivered)
 r - 60 arrows
 t - 27 bolts
 u - 2 curare-tipped needles
 Q - 19 poisoned needles
Armour
 b - a +0 animal skin
 e - a +0 ring mail
 g - a +0 robe
 n - a +0 scale mail (worn)
 p - a +0 buckler
 s - a +0 cloak
 y - a +0 leather armour
 z - a +0 leather armour
 B - a +0 centaur barding
 E - a +0 leather armour
 J - a +0 pair of boots
 O - a +0 chain mail
Jewellery
 o - an uncursed ring of see invisible {unknown}
 q - a ring of fire (left hand)
 F - an uncursed ring of magical power {unknown}
Wands
 P - a wand of flame (23)
Scrolls
 i - 4 scrolls of remove curse
 m - 8 scrolls of teleportation
 w - 2 scrolls of noise
 x - 3 scrolls of amnesia
 C - 2 scrolls of magic mapping
 G - a scroll of identify
 M - 3 scrolls of blinking
 T - a scroll of immolation {unknown}
Potions
 k - 7 potions of curing
 l - 2 potions of berserk rage
 D - a potion of invisibility {unknown}
 H - a potion of haste
 I - 2 potions of might
 K - a potion of degeneration {unknown}
 L - 3 potions of flight {unknown}
Books
 N - a book of Cantrips

   Spells                             Type                      Level
   a - Confusing Touch                Hexes                        1
   b - Animate Skeleton               Necromancy                   1
   c - Summon Small Mammal            Summoning                    1
   d - Apportation                    Translocation                1
   Trog disapproves of the use of such an item.
Comestibles
 c - 8 rations


   Skills:
 + Level 5.6 Fighting
 * Level 7.9 Axes
 * Level 4.0 Throwing
 + Level 3.8 Armour
 + Level 3.7 Dodging
 + Level 1.6 Stealth
 + Level 1.7 Shields


You had 7 spell levels left.
You didn't know any spells.

Dungeon Overview and Level Annotations

Branches:
Dungeon (7/15)             Temple (1/1) D:4

Altars:
Ashenzari
Cheibriados
Dithmenos
Fedhas
Gozag
Hepliaklqana
Nemelex Xobeh
Okawaru
Uskayaw
Vehumet
Wu Jian
Zin

Shops:
D:5 !   D:6 %}!:[


Innate Abilities, Weirdness & Mutations

You reflexively headbutt those who attack you in melee.
You have a pair of horns on your head.
You are partially covered in large bone plates. (SH +4)
Your mind is very acute. (Int +4)


Message History

Deactivating autopickup; reactivate with Ctrl-A.
The adder skeleton misses you. You furiously retaliate!
You headbutt the adder skeleton!
The orc priest calls down the wrath of Beogh upon you.
Beogh smites you!
A bullfrog skeleton comes into view.
The adder skeleton barely misses you. The bullfrog skeleton hits you.
A puff of flame appears from out of thin air!
The puff of flame hits you! You resist.
The orc priest mumbles some strange prayers to Beogh against you.
Beogh smites you!
* * * LOW HITPOINT WARNING * * *
Found a golden potion.
The adder skeleton bites you but does no damage.
The adder skeleton bites you.
* * * LOW HITPOINT WARNING * * *
The orc hits you.
* * * LOW HITPOINT WARNING * * *
The bullfrog skeleton hits you.
You die...

...# #... #..#
#..... #..##.....#
#### ####..#.....#
!...##..........#
...............#
........Z......#
#......Zo.o...##
.......@.....##
.........##†"#
.........###l#######
........## #..#....#
........# ##......#
.......######......#
........)..........#
.......<(.....(....#
.....#######......##


You could see an orc priest, an orc, an adder skeleton and a bullfrog skeleton.

Vanquished Creatures
  Eustachio (D:4)
  A phantom (D:4)
  A centaur (D:6)
  A bullfrog (D:6)
  A scorpion (D:5)
  3 wights (D:6)
  2 crimson imps
  3 hounds (D:6)
  An orc priest (D:6)
  2 orc wizards
  A hound skeleton (D:6)
  10 adders
  A shadow imp (D:5)
  5 worms
  2 dart slugs
  3 leopard geckos
  11 orcs
  8 giant cockroaches
  10 goblins
  11 hobgoblins
  8 jackals
  2 quokkas
  2 ball pythons
  10 bats
  9 frilled lizards
  12 kobolds
  A quokka zombie (D:4)
  6 rats
128 creatures vanquished.

Notes
Turn   | Place    | Note
-------+----------+-------------------------------------------
     0 | D:1      | lrcuk01 the Minotaur Berserker began the quest for the Orb.
     0 | D:1      | Reached XP level 1. HP: 19/19 MP: 0/0
   354 | D:1      | Reached XP level 2. HP: 24/27 MP: 1/1
   437 | D:1      | Reached skill level 4 in Axes
  1194 | D:2      | Reached XP level 3. HP: 33/33 MP: 2/2
  1237 | D:2      | Reached ** piety under Trog
  1611 | D:2      | Reached XP level 4. HP: 34/41 MP: 3/3
  1687 | D:2      | Reached skill level 5 in Axes
  2349 | D:3      | Found a hazy altar of Hepliaklqana.
  2349 | D:3      | Found an iron altar of Okawaru.
  2820 | D:3      | Reached XP level 5. HP: 41/47 MP: 4/4
  2871 | D:3      | Reached *** piety under Trog
  3006 | D:4      | Found a staircase to the Ecumenical Temple.
  3028 | Temple   | Entered the Ecumenical Temple
  3254 | D:4      | Found a glowing silver altar of Zin.
  3447 | D:4      | Gained mutation: Your mind is acute. (Int +2) [potion of mutation]
  3447 | D:4      | Gained mutation: You are partially covered in large bone plates. (SH +4) [potion of mutation]
  3447 | D:4      | Gained mutation: Your mind is very acute. (Int +4) [potion of mutation]
  3658 | D:4      | Noticed Eustachio
  4161 | D:4      | Killed Eustachio
  4161 | D:4      | Reached skill level 6 in Axes
  4161 | D:4      | Reached skill level 1 in Throwing
  4161 | D:4      | Reached skill level 1 in Stealth
  4161 | D:4      | Reached XP level 6. HP: 33/55 MP: 5/5
  4314 | D:4      | Reached skill level 5 in Fighting
  4447 | D:4      | Found a sparkling altar of Nemelex Xobeh.
  4741 | D:5      | Entered Level 5 of the Dungeon
  4805 | D:5      | Found a shattered altar of Ashenzari.
  5027 | D:5      | Found Casse's Distillery.
  5149 | D:5      | Bought a potion of haste for 110 gold pieces
  5149 | D:5      | Bought a potion of might for 44 gold pieces
  5149 | D:5      | Bought a potion of might for 44 gold pieces
  5303 | D:5      | Found a snail-covered altar of Cheibriados.
  5355 | D:5      | Found a glowing drain.
  5384 | Sewer    | Entered a sewer
  5867 | D:5      | Reached XP level 7. HP: 58/61 MP: 6/6
  5948 | D:6      | Found Hoogh's Gadget Emporium.
  5979 | D:6      | Found Tizuitu Nuth's Food Shoppe.
  5985 | D:6      | Bought a ration for 60 gold pieces
  5998 | D:6      | Found Cuifi's Distillery.
  6051 | D:6      | Reached skill level 7 in Axes
  6178 | D:6      | Found Nudwog's Book Shoppe.
  6214 | D:6      | Reached skill level 1 in Shields
  6428 | D:6      | Found Zuporphe's Antique Armour Emporium.
  6477 | D:6      | Reached **** piety under Trog
  7071 | D:6      | Reached XP level 8. HP: 34/69 MP: 7/7
  7256 | D:7      | Slain by a bullfrog skeleton

Skill      XL: |  1  2  3  4  5  6  7  8 |
---------------+-------------------------+-----
Axes           | 4 5 6 7 |  7.9
Fighting       | 4 5 |  5.6
Armour         | 3 |  3.8
Throwing       | 1 2 3 4 |  4.0
Dodging        | 3 |  3.7
Stealth        | 1 |  1.6
Shields        | 1 |  1.7

Action                   |  1- 3 |  4- 6 |  7- 9 || total
-------------------------+-------+-------+-------++-------
Melee: Hand axe          |    98 |   137 |    84 ||   319
       Headbutt          |    18 |    23 |    15 ||    56
       Great sword       |       |       |     3 ||     3
Throw: Tomahawk          |     4 |    33 |    24 ||    61
  Use: Scroll            |     2 |     8 |     1 ||    11
       Potion            |       |     5 |       ||     5
  Eat: Chunk             |       |     4 |     2 ||     6
       Ration            |       |     3 |     1 ||     4
Armor: Animal skin       |    16 |    16 |       ||    32
       Scale mail        |       |    10 |    35 ||    45
Dodge: Dodged            |    58 |    70 |    51 ||   179
Block: Other             |       |    17 |    23 ||    40
       Rpst.: Great sword |       |       |     2 ||     2
